 Dungeon Crawl Stone Soup version 0.21-a0-615-g8e08f28 (webtiles) character file.

5 Firecrotchwizard the Skirmisher (level 1, 0/11 HPs)
             Began as a Vine Stalker Fighter on Dec 22, 2017.
             Slain by a kobold (2 damage)
             ... on level 1 of the Dungeon.
             The game lasted 00:00:19 (271 turns).

Firecrotchwizard the Skirmisher (VSFi)               Turns: 271, Time: 00:00:19

Health: 0/11       AC:  6    Str: 18    XL:     1   Next: 80%
Magic:  0/2        EV:  7    Int:  8    God:
Gold:   4          SH:  9    Dex: 13    Spells: 0/0 levels left

rFire    . . .     SeeInvis .   a - +0 long sword
rCold    . . .     Gourm    .   c - +0 shield
rNeg     . . .     Faith    .   b - +0 scale mail
rPois    .         Spirit   +   (no helmet)
rElec    .         Reflect  .   (no cloak)
rCorr    .         Harm     .   (no gloves)
MR       .....                  (no boots)
Stlth    ..........             (no amulet)
HPRegen  0.03/turn              (no ring)
MPRegen  0.08/turn              (no ring)

@: no status effects
A: fangs 2, magic shield, antimagic bite, no potion heal 3, rot immunity
a: no special abilities


You were on level 1 of the Dungeon.
You were not hungry.

You visited 1 branch of the dungeon, and saw 1 of its levels.

You collected 4 gold pieces.

Inventory:

Hand Weapons
 a - a +0 long sword (weapon)
Armour
 b - a +0 scale mail (worn)
 c - a +0 shield (worn)
Potions
 d - a potion of might
 e - 2 potions of curing {unknown}
Comestibles
 f - a ration {@e1}
 g - 3 chunks of flesh {@w0}


   Skills:
 + Level 2.7 Fighting
 * Level 2.0 Long Blades
 + Level 2.4 Armour
 + Level 2.7 Shields


You couldn't memorise any spells.
You didn't know any spells.

Dungeon Overview and Level Annotations

Branches:
Dungeon (1/15)

Altars:


Innate Abilities, Weirdness & Mutations

You have extremely sharp teeth.
When hurt, damage is shared between your health and your magic reserves.
Your bite disrupts and absorbs the magic of your enemies.
Potions cannot restore your health.
You are immune to rotting.


Message History

No target in view!
e - 2 grey potions A ball python comes into view.
The ball python hisses angrily.
You barely miss the ball python. You bite the ball python. You drain its power.
The ball python bites you but does no damage.
The ball python grabs you. The ball python constricts you.
You block the ball python's attack. The ball python constricts you.
You closely miss the ball python. Your bite misses the ball python.
The ball python bites you but does no damage.
The ball python constricts you.
You take 1 damage, and have 10/11 hp.
You closely miss the ball python. Your bite misses the ball python.
The ball python bites you but does no damage.
The ball python constricts you. The ball python barely misses you.
The ball python constricts you.
You now have 1/2 mp.
You hit the ball python.
You kill the ball python!
No target in view!
No target in view!
You start resting.
Health restored: 11; MP restored: 2 You butcher the ball python corpse.
g - 3 chunks of flesh {@w0} A leopard gecko comes into view.
A frilled lizard comes into view.
The frilled lizard hisses angrily.
You see here 21 arrows.
You miss the leopard gecko. You bite the leopard gecko. You drain its power.
You block the leopard gecko's attack.
You barely miss the leopard gecko. Your bite misses the leopard gecko.
The leopard gecko bites you.
The leopard gecko bites you but does no damage.
You take 1 damage, and have 10/11 hp.
You closely miss the leopard gecko. Your bite misses the leopard gecko.
The frilled lizard barely misses you. You block the leopard gecko's attack.
The frilled lizard hisses.
The frilled lizard barely misses you.
The leopard gecko bites you but does no damage.
You hit the leopard gecko but do no damage.
Your bite misses the leopard gecko. You block the leopard gecko's attack.
The frilled lizard barely misses you.
You riposte.
You closely miss the frilled lizard. Your bite misses the frilled lizard.
Your shield and scale mail prevent you from hitting the leopard gecko.
The leopard gecko bites you. You block the frilled lizard's attack.
The leopard gecko bites you.
The frilled lizard bites you but does no damage.
You take 4 damage, and have 6/11 hp.
MASSIVE DAMAGE!!
You now have 1/2 mp.
You barely miss the leopard gecko. You block the leopard gecko's attack.
You block the frilled lizard's attack.
The leopard gecko bites you but does no damage.
You slash the leopard gecko!
You kill the leopard gecko!
You block the frilled lizard's attack. The frilled lizard bites you.
Your shield and scale mail prevent you from hitting the frilled lizard.
You bite the frilled lizard. You drain its power.
You feel invigorated.
You kill the frilled lizard!
Your Long Blades skill increases to level 2!
MP restored: 2 No target in view!
No target in view!
You start resting.
Health restored: 11 A frilled lizard and a kobold come into view.
The kobold shouts!
The frilled lizard hisses angrily.
The kobold throws a stone.
The stone hits you.
A hobgoblin comes into view.
Things that are here:
a stone; a frilled lizard corpse You take 1 damage, and have 10/11 hp.
The kobold throws a stone.
The stone hits you but does no damage.
You see here a stone.
A kobold comes into view.
The kobold shouts!
You block the frilled lizard's attack.
You miss the frilled lizard. Your bite misses the frilled lizard.
The frilled lizard bites you but does no damage.
The hobgoblin hits you.
You take 1 damage, and have 9/11 hp.
Your shield prevents you from hitting the frilled lizard.
The frilled lizard bites you but does no damage.
You block the hobgoblin's attack. You block the frilled lizard's attack.
You barely miss the frilled lizard. You block the hobgoblin's attack.
You block the frilled lizard's attack. The hobgoblin hits you.
You take 3 damage, and have 6/11 hp.
MASSIVE DAMAGE!!
You now have 1/2 mp.
You closely miss the frilled lizard. Your bite misses the frilled lizard.
The frilled lizard bites you but does no damage.
You hit the frilled lizard.
You kill the frilled lizard!
The kobold hits you but does no damage.
You barely miss the kobold. The kobold hits you with a whip.
* * * LOW HITPOINT WARNING * * *
The kobold hits you. You block the kobold's attack. The kobold hits you.
You die...

##........##...⌠....#
#.....(....#........# ..
#..........#........# ....
#..........##########
....##.......... #.....
..........K..... #.....
................ #.....
........K############.....
........K@............(...
........g.................
.......(..................
........(.................
...........###............
...........# #............
...#####...# #............
... #...# #............ .
#...# #............


You could see a hobgoblin and 2 kobolds.

Vanquished Creatures
  A leopard gecko (D:1)
  A ball python (D:1)
  2 frilled lizards (D:1)
  A kobold (D:1)
5 creatures vanquished.

Notes
Turn   | Place    | Note
-------+----------+-------------------------------------------
     0 | D:1      | Firecrotchwizard the Vine Stalker Fighter began the quest for the Orb.
     0 | D:1      | Reached XP level 1. HP: 11/11 MP: 2/2
    95 | D:1      | Reached skill level 2 in Long Blades
   271 | D:1      | HP: 2/11 [kobold/whip (4)]
   271 | D:1      | Slain by a kobold

Vault maps used:
D:1:      giann_wishing_wells

Skill      XL: |  1 |
---------------+----+-----
Long Blades    | 2 |  2.0
Fighting       | |  2.7
Armour         | |  2.4
Shields        | |  2.7

Action                   || total
-------------------------++-------
Melee: Long sword        ||    21
       Bite              ||     3
Armor: Scale mail        ||    13
Dodge: Dodged            ||     4
Block: Shield            ||    16
       Rpst.: Long sword ||     1

Table legend:
 A = Spawn XP
 B = Non-spawn XP
 C = Spawn XP percentage of total XP
 D = Spawn monster count
 E = Non-spawn monster count
 F = Spawn count percentage of total count
 G = Total turns spent on level
                    A         B        C        D         E        F      G
               +---------+---------+-------+---------+---------+-------+---------
         Total |       0 |       8 |   0.0 |       0 |       5 |   0.0 |   271
               +---------+---------+-------+---------+---------+-------+---------
           D:1 |       0 |       8 |   0.0 |       0 |       5 |   0.0 |   271
               +---------+---------+-------+---------+---------+-------+---------

Vault maps used:
D:1:      giann_wishing_wells

Table legend:
 A = Turns spent in this place as a percentage of turns spent in the entire game.
 B = Non-inter-level travel turns spent in this place as a percentage of non-inter-level travel turns spent in the entire game.
 C = Inter-level travel turns spent in this place as a percentage of turns spent in this place.
 D = Turns resting spent in this place as a percentage of non-inter-level travel turns spent in this place.
 E = Turns spent auto-exploring this place as a percentage of non-inter-level travel turns spent in this place.
 F = Non-inter-level travel turns spent in this place divided by the number of levels of this place that you've seen.
                   A       B       C       D       E      F
               +-------+-------+-------+-------+-------+----------------------
         Total | 100.0 | 100.0 |   0.0 |  65.3 |  21.8 | 271.0
       Dungeon | 100.0 | 100.0 |   0.0 |  65.3 |  21.8 | 271.0
               +-------+-------+-------+-------+-------+----------------------

Table legend:
 A = Kills in this place as a percentage of kills in entire the game.
 B = Kills by you in this place as a percentage of kills by you in the entire game.
 C = Kills by friends in this place as a percentage of kills by friends in the entire game.
 D = Other kills in this place as a percentage of other kills in the entire game.
 E = Experience gained in this place as a percentage of experience gained in the entire game.
 F = Experience gained in this place divided by the number of levels of this place that you have seen.
                   A       B       C       D       E      F
               +-------+-------+-------+-------+-------+----------------------
         Total | 100.0 | 100.0 |   N/A |   N/A | 100.0 |   8.0
       Dungeon | 100.0 | 100.0 |   N/A |   N/A | 100.0 |   8.0
               +-------+-------+-------+-------+-------+----------------------
